 Dungeon Crawl Stone Soup version 0.28-b1-70-g80dc712255 (webtiles) character file.

Game seed: 6643208525276558323

56 adizb the Magician (level 4, -1/31 HPs)
             Began as a Djinni Hedge Wizard on Feb 3, 2022.
             Slain by an adder (3 damage)
             ... on level 2 of the Dungeon.
             The game lasted 00:11:09 (1520 turns).

adizb the Magician (Djinni Hedge Wizard)            Turns: 1520, Time: 00:11:10

Health: -1/31      AC:  3    Str:  7    XL:     4   Next: 17%
Gold:   62         EV: 12    Int: 17    God:
                   SH:  0    Dex: 13

rFire   + + .      SeeInvis .   e - +2 dagger (holy)
rCold   x . .      Faith    .   (no shield)
rNeg    . . .      Spirit   .   g - +0 leather armour
rPois   ∞          Reflect  .   c - +0 hat
rElec   .          Harm     .   (no cloak)
rCorr   .          Rampage  .   (no gloves)
Will    .....                   (boots unavailable)
Stlth   ++........              (no amulet)
HPRegen 0.10/turn               (no ring)
MPRegen 0.00/turn               (no ring)

@: flying
A: sickness immunity, fire resistance 2, cold vulnerability 1, float, innate
caster, HP casting, extra vitality 1, claws 1, weak 1, wild magic 1
a: no special abilities


You were on level 2 of the Dungeon.
You visited 1 branch of the dungeon, and saw 2 of its levels.

You collected 62 gold pieces.

Inventory:

Hand Weapons
 e - a +2 dagger of holy wrath (weapon)
Armour
 c - a +0 hat (worn)
 g - a +0 leather armour (worn)
Potions
 a - a potion of haste {unknown}


   Skills:
 + Level 0.4 Fighting
 + Level 0.3 Short Blades
 + Level 0.3 Armour
 + Level 3.0 Dodging
 - Level 1.5 Stealth
 * Level 3.2 Spellcasting


You couldn't memorise any spells.
You knew the following spells:

 Your Spells              Type           Power      Damage    Failure   Level
a - Magic Dart            Conj           68%        1d6       11%         1
b - Blink                 Tloc           34%        N/A       14%         2
c - Call Imp              Summ           17%        N/A       14%         2
d - Slow                  Hex            68%        N/A       11%         1
e - Conjure Flame         Conj/Fire      17%        6-21      28%         3
f - Mephitic Cloud        Conj/Pois/Air  17%        N/A       28%         3
g - Beastly Appendage     Tmut           34%        N/A       11%         1
Your spell library was empty.

Dungeon Overview and Level Annotations

Branches:
Dungeon (2/15)

Altars:

Shops:
D:1 ?


Innate Abilities, Weirdness & Mutations

You are immune to sickness and miasma.
You are immune to poison.
Your flesh is very heat resistant. (rF++)
You are vulnerable to cold. (rC-)
You float through the air rather than walking.
You learn spells naturally, not from books.
Your magical power is your life essence.
You have superior vitality. (+4 MHP)
You have sharp fingernails.
You are weak. (Str -2)
Your spells are a little harder to cast, but a little more powerful.


Message History

The orc shouts!
You hear a shout! x2
An orc comes into view. It is wielding a +0 club.
Casting: Call Imp (safe; 10% risk of failure)
Confirm with . or Enter, or press ? or * to list all spells.
A beastly little devil appears in a puff of flame.
An adder comes into view.
Casting: Call Imp (safe; 10% risk of failure)
Confirm with . or Enter, or press ? or * to list all spells.
A beastly little devil appears in a puff of flame.
Your crimson imp disappears in a puff of smoke!
You closely miss the kobold. The kobold hits you with a +0 whip.
* * * LOW HITPOINT WARNING * * *
Casting: Call Imp (safe; 10% risk of failure)
Confirm with . or Enter, or press ? or * to list all spells.
You don't know that spell.
Okay, then.
As you read the scroll labelled EZUGUTHRALUS, it crumbles to dust.
You feel aware of your surroundings.
You sensed 1 altar.
It was a scroll of magic mapping.
The adder closely misses you. The kobold closely misses you.
An orc comes into view. It is wielding a +0 dagger. x2
Your crimson imp hits the kobold.
The orc hits your crimson imp with a +0 dagger.
As you read the scroll labelled UTHRONT URITSEA, it crumbles to dust.
It is a scroll of amnesia.
You feel forgetful for a moment. The adder bites you.
* * * LOW HITPOINT WARNING * * *
The kobold hits you with a +0 whip.
* * * LOW HITPOINT WARNING * * *
The adder barely misses you.
An adder comes into view.
Your crimson imp hits the kobold but does no damage.
The orc barely misses your crimson imp.
It was a potion of mutation.
You feel extremely strange.
Your fingernails lengthen.
You feel weaker.
You feel less in control of your magic. The kobold closely misses you.
The orc hits your crimson imp with a +0 club.
The adder bites you.
You die...

****>,,,,,,'....+..........†..
*,*******So..##...#########
*,* *#o..##...##### *,*
#...##.......# *,*
######...##.......# *,*
#........##.......#
*,*##....oo..##.......# ##
***** *,,.'....5K...........#
#.
,,,,***+*##.....@.######....#
#.
,,,,,,,,,,#......S#****#....#
#.
,,,,,,,,,,#.........,,*#....#
#.
,**,,,,,,,#####.......*##+###
#. ,,*,,,,,,,* *#.......# *,*
## ,,,,,,,,,,* *<.......# *,*
,,,,,****** #........# *,****
,***** #........# *,,,,* **
*,,,,,,,,* ****,*


You could see 2 adders, 4 orcs, a kobold (ally target) and a friendly crimson
imp (summoned).

Vanquished Creatures
  An adder (D:2)
  A dart slug (D:1)
  3 bats
  5 endoplasms
  4 giant cockroaches
  A goblin (D:1)
  A hobgoblin (D:1)
  3 jackals (D:2)
  2 quokkas (D:1)
  2 ball pythons
  5 frilled lizards
  2 kobolds (D:1)
  4 rats (D:1)
34 creatures vanquished.

Vanquished Creatures (collateral kills)
  A dart slug (D:1)
  A ball python (D:1)
  A hobgoblin (D:2)
  A quokka (D:1)
  A frilled lizard (D:2)
5 creatures vanquished.

Grand Total: 39 creatures vanquished

Notes
Turn   | Place    | Note
-------+----------+-------------------------------------------
     0 | D:1      | adizb the Djinni Hedge Wizard began the quest for the Orb.
     0 | D:1      | Reached XP level 1. HP: 15/15 MP: 0/0
   175 | D:1      | Reached XP level 2. HP: 3/21 MP: 0/0
   885 | D:1      | Reached XP level 3. HP: 16/25 MP: 0/0
   885 | D:1      | Learned a level 1 spell: Beastly Appendage
  1011 | D:1      | Found Bifo's Magic Scroll Shop.
  1368 | D:2      | Reached XP level 4. HP: 4/31 MP: 0/0
  1520 | D:2      | Gained mutation: You have sharp fingernails. [potion of
                  | mutation]
  1520 | D:2      | Gained mutation: You are weak. (Str -2) [potion of
                  | mutation]
  1520 | D:2      | Gained mutation: Your spells are a little harder to cast,
                  | but a little more powerful. [potion of mutation]
  1520 | D:2      | Slain by an adder

Illustrated notes

Levels and vault maps discovered:
D:1:      lemuel_arrival_cross, layout_loops_ring, serial_shops, shop
D:2:      layout_basic, hellmonk_ecumenical_altar_leap_of_faith,
          serial_park_tiny_2

Skill      XL: |  1  2  3  4 |
---------------+-------------+-----
Spellcasting   | 3 |  3.2
Dodging        | 3 |  3.0
Fighting       | |  0.4
Short Blades   | |  0.3
Armour         | |  0.3
Stealth        | |  1.5

Action                   |  1- 3 |  4- 6 || total
-------------------------+-------+-------++-------
Melee: Dagger            |    70 |     9 ||    79
       Headbutt          |     1 |       ||     1
 Cast: Magic Dart        |    43 |     2 ||    45
       Slow              |     1 |       ||     1
       Call Imp          |     2 |     3 ||     5
       Beastly Appendage |     1 |       ||     1
  Use: Scroll            |       |     2 ||     2
       Potion            |       |     1 ||     1
Armor: Robe              |     4 |       ||     4
       Leather armour    |    13 |     2 ||    15
Dodge: Dodged            |    54 |     9 ||    63
